 Dungeon Crawl Stone Soup version 0.27-a0-1144-g0b7d3b79db (webtiles) character file.

Game seed: 9642217855722898597

1740 freelancePsychic the Covered (level 9, -2/73 HPs)
             Began as a Gnoll Wanderer on May 10, 2021.
             Was a Priest of Cheibriados.
             Slain by Harold
             ... wielding a +0 scimitar
              (7 damage)
             ... on level 7 of the Dungeon.
             The game lasted 00:13:16 (6482 turns).

freelancePsychic the Covered (Gnoll Wanderer)       Turns: 6482, Time: 00:13:16

Health: -2/73      AC: 14    Str: 21    XL:     9   Next: 5%
Magic:  14/14      EV:  8    Int: 19    God:    Cheibriados [***...]
Gold:   322        SH:  0    Dex: 16    Spells: 15/15 levels left

rFire    . . .     SeeInvis .   b - +8 autumn katana {vorpal, Clar}
rCold    . . .     Faith    +   (no shield)
rNeg     . . .     Spirit   .   e - +0 plate armour
rPois    +         Reflect  .   (no helmet)
rElec    .         Harm     .   B - +0 cloak
rCorr    .         Rampage  .   (no gloves)
Will     .....     Clarity  +   (no boots)
Stlth    ..........             k - amulet of faith
HPRegen  0.22/turn              r - ring of poison resistance
MPRegen  0.14/turn              (no ring)

@: marked, very slightly contaminated, invisible, very slow
A: fangs 1, strong nose, distributed training
a: Renounce Religion, Bend Time, Temporal Distortion


You were on level 7 of the Dungeon.
You worshipped Cheibriados.
Cheibriados was most pleased with you.
You visited 1 branch of the dungeon, and saw 7 of its levels.

You collected 322 gold pieces.

Inventory:

Hand Weapons
 a - a +2 hand crossbow of flaming
 b - the +8 autumn katana (weapon) {vorpal, Clar}
   (You found it on level 4 of the Dungeon)

   It inflicts extra damage upon your enemies.
   It protects you against confusion.
 y - a +0 shortbow
Missiles
 o - 8 atropa-tipped darts (quivered)
 p - 40 bolts
 t - 56 arrows
Armour
 c - a +0 ring mail
 e - a +0 plate armour (worn)
 B - a +0 cloak (worn)
Magical Staves
 h - a staff of fire
Jewellery
 i - a +6 ring of dexterity
 k - an amulet of faith (around neck)
 r - a ring of poison resistance (left hand)
Wands
 d - a wand of flame (23)
 l - a wand of iceblast (7)
Scrolls
 n - 8 scrolls of enchant weapon
 q - 3 scrolls of immolation
 v - 2 scrolls of teleportation {unknown}
 w - a scroll of silence {unknown}
 x - 2 scrolls of amnesia
Potions
 f - a potion of curing {@q1}
 g - 2 potions of mutation
 j - a potion of berserk rage {unknown}
 m - a potion of invisibility
 s - 2 potions of flight {unknown}
 u - a potion of magic
 z - 3 potions of attraction
 A - a potion of heal wounds {unknown}


   Skills:
 + Level 7.6 Fighting
 + Level 3.8 Short Blades
 + Level 3.8 Long Blades
 + Level 3.8 Axes
 + Level 3.8 Maces & Flails
 + Level 3.8 Polearms
 + Level 3.8 Staves
 + Level 3.8 Slings
 + Level 4.7 Bows
 + Level 4.7 Crossbows
 + Level 6.0 Throwing
 + Level 7.6 Armour
 + Level 3.8 Dodging
 + Level 3.8 Stealth
 + Level 3.8 Shields
 + Level 3.8 Unarmed Combat
 + Level 3.8 Spellcasting
 + Level 3.1 Conjurations
 + Level 3.1 Hexes
 + Level 3.1 Summonings
 + Level 3.1 Necromancy
 + Level 3.1 Translocations
 + Level 3.1 Transmutations
 + Level 3.1 Fire Magic
 + Level 3.1 Ice Magic
 + Level 3.1 Air Magic
 + Level 3.1 Earth Magic
 + Level 3.1 Poison Magic
 + Level 4.2 Invocations
 + Level 3.8 Evocations


You had 15 spell levels left.
You didn't know any spells.
Your spell library contained the following spells:

 Spells                   Type           Power      Damage    Failure   Level
 Animate Skeleton         Necr           30%        N/A       56%         1
 Apportation              Tloc           30%        N/A       56%         1
 Corona                   Hex            16%        N/A       56%         1
 Pain                     Necr           60%        1d7       56%         1
 Summon Small Mammal      Summ           60%        N/A       56%         1
 Vampiric Draining        Necr           7%         2d7       91%         3
 Animate Dead             Necr           7%         N/A       100%        4
 Agony                    Necr           15%        N/A       100%        5


Dungeon Overview and Level Annotations

Branches:
Dungeon (7/15)             Temple (0/1) D:5

Altars:
Cheibriados

Shops:
D:5 (

Annotations:
D:7 Harold


Innate Abilities, Weirdness & Mutations

You have very sharp teeth.
Your uncanny sense of smell can sniff out nearby items.
Your experience applies equally to all skills.


Message History

You closely miss Harold.
Harold is moderately wounded.
Harold hits you with a +0 scimitar!
You hit Harold.
Harold is moderately wounded.
Harold considers, "I think I'll use your bounty to get a place by the lake..."
Harold completely misses you.
You closely miss Harold.
Harold is moderately wounded.
Harold barely misses you.
You riposte.
Your plate armour prevents you from hitting Harold.
Harold is moderately wounded.
You slash Harold!
Harold is severely wounded.
Harold hits you with a +0 scimitar!
You hit Harold.
Harold is severely wounded.
Harold hits you with a +0 scimitar!
You hit Harold but do no damage. You bite Harold, but do no damage.
Harold is severely wounded.
Harold hits you with a +0 scimitar!
Okay, then.
Press: ? - help, v - describe, . - travel
Here: Harold, wielding a +0 scimitar, wearing a +0 scale mail and quivering 2 throwing nets (severely wounded)
The floor, spattered with blood.
You fade into invisibility!
Harold gestures at you while chanting. A sentinel's mark forms upon you.
You are very lightly contaminated with residual magic.
You slash Harold! You bite Harold.
Harold is almost dead.
Harold hits you with a +0 scimitar!
* * * LOW HITPOINT WARNING * * *
You feel better. Harold hits you with a +0 scimitar!
* * * LOW HITPOINT WARNING * * *
You feel better. Harold hits you with a +0 scimitar!
* * * LOW HITPOINT WARNING * * *
It was a potion of magic.
Magic courses through your body. Harold hits you with a +0 scimitar!
You die...

.# .. # <
#. .# .# #.
##.#...
##.#.....
#......##.#
#..........
#..@...#
#...@...#
#.......#∆
#.......#
#.......#
#...)..)#
#........
#........#


You could see Harold.

Vanquished Creatures
  Grinder (D:3)
  Sigmund (D:2)
  An ogre (D:4)
  4 necrophages
  A kobold brigand (D:6)
  A bullfrog (D:6)
  2 scorpions (D:6)
  2 water moccasin zombies
  2 bullfrog skeletons (D:6)
  2 hounds
  2 orc priests
  Crazy Yiuf (D:4)
  2 iguanas
  2 orc wizards (D:5)
  Ijyb (D:3)
  Natasha (thrice) (D:4)
  A hound skeleton (D:4)
  8 adders
  A gnoll (D:1)
  A shadow imp (D:6)
  An ufetubus (D:4)
  2 worms
  A dart slug (D:4)
  17 orcs
  8 bats
  7 endoplasms
  4 giant cockroaches
  3 goblins
  5 hobgoblins
  10 ball pythons
  A frilled lizard (D:2)
  13 kobolds
  A quokka skeleton (D:4)
  12 rats
124 creatures vanquished.

Vanquished Creatures (others)
  17 plants (D:3)
17 creatures vanquished.

Grand Total: 141 creatures vanquished

Notes
Turn   | Place    | Note
-------+----------+-------------------------------------------
     0 | D:1      | freelancePsychic the Gnoll Wanderer began the quest for the
                  | Orb.
     0 | D:1      | freelancePsychic set off with the following items: a +2
                  | hand crossbow, 26 bolts, a +0 ring mail, a potion of
                  | lignification
     0 | D:1      | Reached XP level 1. HP: 23/23 MP: 1/1
    19 | D:1      | Reached XP level 2. HP: 29/29 MP: 2/2
   291 | D:1      | Reached XP level 3. HP: 35/35 MP: 3/3
   767 | D:2      | Reached skill level 1 in Invocations
  1011 | D:2      | Reached skill level 1 in Short Blades
  1011 | D:2      | Reached skill level 1 in Long Blades
  1011 | D:2      | Reached skill level 1 in Axes
  1011 | D:2      | Reached skill level 1 in Maces & Flails
  1011 | D:2      | Reached skill level 1 in Polearms
  1011 | D:2      | Reached skill level 1 in Staves
  1011 | D:2      | Reached skill level 1 in Slings
  1011 | D:2      | Reached skill level 1 in Dodging
  1011 | D:2      | Reached skill level 1 in Stealth
  1011 | D:2      | Reached skill level 1 in Shields
  1011 | D:2      | Reached skill level 1 in Unarmed Combat
  1011 | D:2      | Reached skill level 1 in Spellcasting
  1011 | D:2      | Reached skill level 1 in Evocations
  1044 | D:2      | Reached XP level 4. HP: 41/41 MP: 5/5
  1573 | D:2      | Noticed Sigmund
  1579 | D:2      | Killed Sigmund
  1580 | D:2      | Reached skill level 1 in Conjurations
  1580 | D:2      | Reached skill level 1 in Hexes
  1580 | D:2      | Reached skill level 1 in Summonings
  1580 | D:2      | Reached skill level 1 in Necromancy
  1580 | D:2      | Reached skill level 1 in Translocations
  1580 | D:2      | Reached skill level 1 in Transmutations
  1580 | D:2      | Reached skill level 1 in Fire Magic
  1580 | D:2      | Reached skill level 1 in Ice Magic
  1580 | D:2      | Reached skill level 1 in Air Magic
  1580 | D:2      | Reached skill level 1 in Earth Magic
  1580 | D:2      | Reached skill level 1 in Poison Magic
  1580 | D:2      | Reached XP level 5. HP: 47/47 MP: 5/7
  1580 | D:2      | Reached XP level 6. HP: 53/53 MP: 5/8
  1694 | D:3      | Noticed Ijyb
  1704 | D:3      | Killed Ijyb
  2070 | D:3      | Noticed Grinder
  2072 | D:3      | Paralysed by Grinder for 6 turns
  2085 | D:3      | Killed Grinder
  2086 | D:3      | Reached skill level 5 in Throwing
  2086 | D:3      | Reached XP level 7. HP: 22/59 MP: 8/10
  2314 | D:3      | Found a snail-covered altar of Cheibriados.
  2378 | D:3      | Became a worshipper of Cheibriados the Contemplative
  2421 | D:3      | Found a faded altar of an unknown god.
  3210 | D:4      | Reached * piety under Cheibriados
  3423 | D:4      | Noticed Natasha
  3429 | D:4      | Killed Natasha
  3705 | D:4      | Found the +8 autumn katana {vorpal, Clar}
  3738 | D:4      | Found a runed translucent door.
  3779 | D:4      | Noticed Crazy Yiuf
  3825 | D:4      | Noticed Natasha
  3830 | D:4      | Killed Natasha
  3890 | D:4      | Noticed Natasha
  3896 | D:4      | Killed Natasha
  3979 | D:4      | Killed Crazy Yiuf
  4055 | D:5      | Entered Level 5 of the Dungeon
  4247 | D:5      | Reached XP level 8. HP: 65/67 MP: 12/12
  4494 | D:5      | Reached ** piety under Cheibriados
  4539 | D:5      | Found Olluxkuzuo's Weapon Emporium.
  5068 | D:5      | Found a staircase to the Ecumenical Temple.
  6008 | D:6      | Reached *** piety under Cheibriados
  6181 | D:6      | Reached XP level 9. HP: 73/73 MP: 14/14
  6469 | D:7      | Noticed Harold
  6482 | D:7      | Slain by Harold

Illustrated notes

Levels and vault maps discovered:
D:1:      mrwooster_arrival_statue_3, layout_basic, patterned_corridor
D:2:      minmay_chambers_of_ones, layout_basic, grunt_ministairs_4,
          chequers_serial_rivers_micro_a, uniq_sigmund
D:3:      layout_basic, cheibrodos_worm_habitat, basic_ecumenical_altar,
          serial_bayou_lake_a, uniq_grinder, uniq_ijyb
D:4:      layout_basic, uniq_crazy_yiuf_cottage, uniq_natasha
D:5:      layout_layer_cave, minmay_temple_entry_junction, serial_shops, shop
D:6:      layout_basic
D:7:      layout_rooms, minmay_starry_boxes, uniq_prince_ribbit1, uniq_harold

Skill      XL: |  1  2  3  4  5  6  7  8 |
---------------+-------------------------+-----
Invocations    | 1 2 3 4 |  4.2
Short Blades   | 1 2 3 |  3.8
Long Blades    | 1 2 3 |  3.8
Axes           | 1 2 3 |  3.8
Maces & Flails | 1 2 3 |  3.8
Polearms       | 1 2 3 |  3.8
Staves         | 1 2 3 |  3.8
Slings         | 1 2 3 |  3.8
Dodging        | 1 2 3 |  3.8
Stealth        | 1 2 3 |  3.8
Shields        | 1 2 3 |  3.8
Unarmed Combat | 1 2 3 |  3.8
Spellcasting   | 1 2 3 |  3.8
Evocations     | 1 2 3 |  3.8
Bows           | 3 4 |  4.7
Crossbows      | 3 4 |  4.7
Conjurations   | 1 2 3 |  3.1
Hexes          | 1 2 3 |  3.1
Summonings     | 1 2 3 |  3.1
Necromancy     | 1 2 3 |  3.1
Translocations | 1 2 3 |  3.1
Transmutations | 1 2 3 |  3.1
Fire Magic     | 1 2 3 |  3.1
Ice Magic      | 1 2 3 |  3.1
Air Magic      | 1 2 3 |  3.1
Earth Magic    | 1 2 3 |  3.1
Poison Magic   | 1 2 3 |  3.1
Throwing       | 5 6 |  6.0
Fighting       | 7 |  7.6
Armour         | 7 |  7.6

Action                   |  1- 3 |  4- 6 |  7- 9 || total
-------------------------+-------+-------+-------++-------
Melee: Katana            |       |       |    63 ||    63
       Bite              |       |       |     9 ||     9
       Punch             |       |       |     1 ||     1
 Fire: Hand crossbow     |    66 |    56 |    79 ||   201
       Shortbow          |       |       |    48 ||    48
  Use: Potion            |       |     1 |     4 ||     5
       Scroll            |       |       |     9 ||     9
Armor: Plate armour      |    10 |    16 |    59 ||    85
       Skin              |       |     5 |       ||     5
Dodge: Dodged            |     1 |     6 |    28 ||    35
       Rpst.: Katana     |       |       |    11 ||    11

Table legend: (Time is in decaauts)
 A = Elapsed time spent in this place.
 B = Non-inter-level travel time spent in this place.
 C = Inter-level travel time spent in this place.
 D = Time resting spent in this place.
 E = Time spent auto-exploring this place.
 F = Levels seen in this place.
 G = Mean time per level.
                   A        B        C        D        E       F      G
               +--------+--------+--------+--------+--------+-----+--------+
         Total |   8144 |   7705 |    439 |     24 |   6788 |   7 | 1163.4 |
       Dungeon |   8144 |   7705 |    439 |     24 |   6788 |   7 | 1163.4 |
               +--------+--------+--------+--------+--------+-----+--------+

Top non-repeatable levels by time:
     D:5: 1938 daAuts
     D:6: 1554 daAuts
     D:3: 1462 daAuts
     D:4: 1405 daAuts
     D:2: 1101 daAuts
     D:1: 670 daAuts
     D:7: 12 daAuts
